 Dungeon Crawl Stone Soup version 0.25-a0-730-g633e9c3 (webtiles) character file.

Game seed: 14913703722537200553, levelgen mode: deterministic

2 BlueFish the Magician (level 1, -6/14 HPs)
             Began as a Mummy Wizard on Apr 7, 2020.
             Mangled by a gnoll
             ... wielding a +2 whip of venom
              (8 damage)
             ... on level 1 of the Dungeon.
             The game lasted 00:00:19 (42 turns).

BlueFish the Magician (Mummy Wizard)                  Turns: 42, Time: 00:00:20

Health: -6/14      AC:  2    Str: 10    XL:     1   Next: 33%
Magic:  0/5        EV: 12    Int: 17    God:
Gold:   0          SH:  0    Dex: 10    Spells: 7/8 levels left

rFire    x . .     SeeInvis .   c - +0 dagger
rCold    + . .     Gourm    .   (no shield)
rNeg     + + +     Faith    .   a - +0 robe
rPois    ∞         Spirit   .   b - +0 hat
rElec    .         Reflect  .   (no cloak)
rCorr    .         Harm     .   (no gloves)
MR       .....                  (no boots)
Stlth    ++........             (no amulet)
HPRegen  0.04/turn              (no ring)
MPRegen  0.09/turn              (no ring)

@: no status effects
A: no food or potions, fire vulnerability, cold resistance 1, negative energy
resistance 3, torment resistance, unbreathing
a: no special abilities


You were on level 1 of the Dungeon.
You were not hungry.

You visited 1 branch of the dungeon, and saw 1 of its levels.

Inventory:

Hand Weapons
 c - a +0 dagger (weapon)
Armour
 a - a +0 robe (worn)
 b - a +0 hat (worn)


   Skills:
 * Level 0.4 Fighting
 * Level 1.5 Dodging
 * Level 1.5 Stealth
 * Level 4.1 Spellcasting
 + Level 0.7 Conjurations
   Level 0.7 Summonings
   Level 0.7 Translocations


You had 7 spell levels left.
You knew the following spells:

 Your Spells              Type           Power        Failure   Level  Hunger
a - Magic Dart            Conj           #...         12%         1    N/A

Your spell library contained the following spells:

 Spells                   Type           Power        Failure   Level  Hunger
 Blink                    Tloc           N/A          17%         2    N/A
 Call Imp                 Summ           #.......     17%         2    N/A
 Slow                     Hex            #.......     24%         2    N/A
 Conjure Flame            Conj/Fire      #.......     38%         3    N/A
 Mephitic Cloud           Conj/Pois/Air  #.......     38%         3    N/A

Dungeon Overview and Level Annotations

Branches:
Dungeon (1/15)

Altars:


Innate Abilities, Weirdness & Mutations

You do not eat or drink.
Your flesh is vulnerable to fire.
You are immune to poison.
Your flesh is cold resistant. (rC+)
You are immune to negative energy. (rN+++)
You are immune to unholy pain and torment.
You can survive without breathing.


Message History

The gnoll hits you with a +2 whip of venom.
* * * LOW HITPOINT WARNING * * *
Casting: Magic Dart (safe; 12% risk of failure)
Confirm with . or Enter, or press ? or * to list all spells.
Aiming: Magic Dart (safe; 12% risk of failure)
Press: ? - help, Shift-Dir - straight line, f - gnoll
Aim: a gnoll, wielding a +2 whip of venom The magic dart hits the gnoll.
The gnoll is moderately wounded.
The gnoll completely misses you.
You hit the gnoll.
The gnoll is moderately wounded.
The gnoll hits you with a +2 whip of venom.
* * * LOW HITPOINT WARNING * * *
You hit the gnoll.
The gnoll is heavily wounded.
The gnoll barely misses you.
The gnoll hits you with a +2 whip of venom!
Ouch! That really hurt!
You die...

#.........
#.........
#.........
+.........
#.......
.....
#########.###
#.........@.#
#....!....g.#
#..(#..#.○#.#
#........≈..+
#<......○.8.#
#........≈..+
#...#..#..#.#
#...........#
#...........#


You could see a gnoll.

Vanquished Creatures
  A hobgoblin (D:1)
  A kobold (D:1)
2 creatures vanquished.

Notes
Turn   | Place    | Note
-------+----------+-------------------------------------------
     0 | D:1      | BlueFish the Mummy Wizard began the quest for the Orb.
     0 | D:1      | Reached XP level 1. HP: 13/13 MP: 5/5
    42 | D:1      | Mangled by a gnoll

Levels and vault maps discovered:
D:1:      shiori_arrival_oz, layout_basic

Action                   || total
-------------------------++-------
Melee: Dagger            ||     6
 Cast: Magic Dart        ||     8
Dodge: Dodged            ||     7

Table legend:
 A = Non-vault XP
 B = Vault XP
 C = Vault XP percentage of total XP
 D = Non-vault monster count
 E = Vault monster count
 F = Vault count percentage of total count
                 A         B        C        D         E       F
            +---------+---------+-------+---------+---------+-------
      Total |       4 |       0 |   0.0 |       2 |       0 |   0.0
            +---------+---------+-------+---------+---------+-------
        D:1 |       4 |       0 |   0.0 |       2 |       0 |   0.0
            +---------+---------+-------+---------+---------+-------
